 Seeded DCSS version 0.28-a0-478-gb47aa13 (webtiles) character file.

Game seed: 5798602977109637827 (custom seed)

9 Illumine the Skirmisher (level 2, -1/28 HPs)
             Began as a Naga Abyssal Knight on Sept 16, 2021.
             Was a Follower of Lugonu.
             Slain by a quokka (2 damage)
             ... on level 1 of the Dungeon on Sept 17, 2021.
             The game lasted 00:01:03 (475 turns).

Illumine the Skirmisher (Naga Abyssal Knight)        Turns: 475, Time: 00:01:04

Health: -1/28      AC:  2    Str: 14    XL:     2   Next: 12%
Magic:  3/3        EV:  9    Int: 12    God:    Lugonu [*.....]
Gold:   17         SH:  0    Dex: 10    Spells: 1/1 levels left

rFire   . . .      SeeInvis +   a - +1 mace
rCold   . . .      Faith    .   (no shield)
rNeg    . . .      Spirit   .   b - +0 leather armour
rPois   +          Reflect  .   (no helmet)
rElec   .          Harm     .   (no cloak)
rCorr   .          Rampage  .   (no gloves)
Will    .....                   (no barding)
Stlth   +.........              (no amulet)
HPRegen 0.09/turn               (no ring)
MPRegen 0.08/turn               (no ring)

@: very slow
A: AC +0, large, see invisible, deformed body, poison resistance, slowness 2,
spit poison 1, naga tail 1
a: Spit Poison, Renounce Religion, Depart the Abyss


You were on level 1 of the Dungeon.
You worshipped Lugonu.
Lugonu was aware of your devotion.
You visited 1 branch of the dungeon, and saw 1 of its levels.
You visited the Abyss 1 time.

You collected 17 gold pieces.

Inventory:

Hand Weapons
 a - a +1 mace (weapon)
Armour
 b - a +0 leather armour (worn)
Scrolls
 c - a scroll of silence {unknown}
Potions
 d - a potion of curing {unknown}
 e - a potion of magic {unknown}


   Skills:
 + Level 3.1 Fighting
 * Level 2.4 Maces & Flails
 + Level 1.7 Armour
 - Level 0.7 Dodging
 - Level 2.0 Invocations


You had one spell level left.
You didn't know any spells.
Your spell library was empty.

Dungeon Overview and Level Annotations

Branches:
Dungeon (1/15)

Altars:


Innate Abilities, Weirdness & Mutations

Your serpentine skin is tough. (AC +0)
You have supernaturally acute eyesight. (SInv)
Armour fits poorly on your strangely shaped body.
Your system is resistant to poisons. (rPois)
You cover ground very slowly.
You can spit poison.
You have a snake-like lower body.


Message History

Press: ? - help, Shift-Dir - straight line, f - endoplasm
Aim: an endoplasm The splash of poison hits the endoplasm.
The endoplasm is moderately wounded.
You sock the endoplasm!
You kill the endoplasm!
Lugonu accepts your kill.
You have got your breath back.
Found a stone staircase leading down.
A quokka comes into view.
The quokka bites you.
You hit the quokka.
The quokka is heavily wounded.
The quokka bites you. x2
You barely miss the quokka.
The quokka is heavily wounded.
The quokka bites you.
You closely miss the quokka.
The quokka is heavily wounded.
The quokka bites you. x2
* * * LOW HITPOINT WARNING * * *
You hit the quokka.
The quokka is severely wounded.
The quokka bites you.
* * * LOW HITPOINT WARNING * * *
You closely miss the quokka.
The quokka is severely wounded.
The quokka barely misses you. x2
Press: ? - help, Shift-Dir - straight line, f - quokka
Aim: a quokka (severely wounded)
The splash of poison misses the quokka.
The quokka completely misses you. The quokka barely misses you.
Okay, then.
You have got your breath back.
The quokka bites you.
* * * LOW HITPOINT WARNING * * *
You closely miss the quokka.
The quokka is severely wounded.
The quokka bites you.
You die...

##.#####.####### ...##
#.# ..#.## #.# ###
.###.###.# #.. ##
##..#.## #.#
.###.#....#########.####
#.#.##...............>.#
##.####...#########.#
##.# ##........@r..# #.#
############## #.. ###
#.# #.# #.#


You could see a quokka.

Vanquished Creatures
  2 endoplasms (D:1)
  2 goblins (D:1)
  A hobgoblin (D:1)
  2 jackals (D:1)
7 creatures vanquished.

Notes
Turn   | Place    | Note
-------+----------+-------------------------------------------
     0 | Abyss:1  | Illumine the Naga Abyssal Knight began the quest for the
                  | Orb.
     0 | Abyss:1  | Reached XP level 1. HP: 21/21 MP: 2/2
     0 | Abyss:1  | Upgraded the game from 0.28-a0-476-g0f06bd7 to
                  | 0.28-a0-478-gb47aa13
    25 | Abyss:1  | Noticed a large abomination
    27 | D:1      | Escaped the Abyss
    79 | D:1      | Reached * piety under Lugonu
   302 | D:1      | Reached XP level 2. HP: 21/28 MP: 3/3
   474 | D:1      | HP: 1/28 [quokka (3)]
   475 | D:1      | Slain by a quokka

Illustrated notes

Levels and vault maps discovered:
D:1:      onia_arrival_mini_spirals, layout_loops_ring,
          chequers_ecumenical_altar_simple_redux

Action                   || total
-------------------------++-------
Melee: Mace              ||    19
Invok: Depart the Abyss  ||     1
 Abil: Spit Poison       ||     5
Armor: Leather armour    ||     2
Dodge: Dodged            ||    12

Table legend: (Time is in decaauts)
 A = Elapsed time spent in this place.
 B = Non-inter-level travel time spent in this place.
 C = Inter-level travel time spent in this place.
 D = Time resting spent in this place.
 E = Time spent auto-exploring this place.
 F = Levels seen in this place.
 G = Mean time per level.
                   A        B        C        D        E       F      G
               +--------+--------+--------+--------+--------+-----+--------+
         Total |    575 |    575 |      0 |    189 |    284 |   2 |  287.5 |
       Dungeon |    538 |    538 |      0 |    189 |    284 |   1 |  538.0 |
         Abyss |     37 |     37 |      0 |      0 |      0 |   1 |   37.0 |
               +--------+--------+--------+--------+--------+-----+--------+

Top non-repeatable levels by time:
     D:1: 538 daAuts
 Abyss:1: 37 daAuts
